 Dungeon Crawl Stone Soup version 0.31-a0-149-g3fdcc5976a (webtiles) character file.

Game seed: 11521059707365861646

2853 Drazool the Cleaver (level 9, -9/70 HPs)
             Began as a Ghoul Fighter on June 7, 2023.
             Was an Initiate of Ru.
             Mangled by a gnoll sergeant
             ... wielding a +0 spear
              (11 damage)
             ... on level 7 of the Dungeon.
             The game lasted 00:17:34 (8403 turns).

Drazool the Cleaver (Ghoul Fighter)                 Turns: 8403, Time: 00:17:35

Health: -9/70      AC:  7    Str: 24    XL:     9   Next: 75%
Magic:  8/8        EV:  9    Int:  3    God:    Ru [......]
Gold:   478        SH:  4    Dex:  8    Spells: 8/8 levels left

rFire   . . .        a - +1 war axe
rCold   + . .        c - +0 buckler
rNeg    + + +        d - +1 scale mail {Will+}
rPois   ∞            (no helmet)
rElec   .            j - scarf {repulsion}
rCorr   +            (no gloves)
SInv    .            (no boots)
Will    +....        (no amulet) Stlth
                     R - ring of resist corrosion
HPRegen 0.00/turn    (no ring)
MPRegen 0.11/turn

%: repel missiles
@: inhibited regen
A: claws 1, cold resistance 1, negative energy resistance 3, inhibited
regeneration, torment resistance 2, devour on kill
a: Renounce Religion


You were on level 7 of the Dungeon.
You worshipped Ru.
Ru was noncommittal.
You visited 1 branch of the dungeon, and saw 7 of its levels.
You also visited: Ossuary.

You collected 478 gold pieces.


Innate Abilities, Weirdness & Mutations

You are immune to poison.
You have sharp fingernails.
Your flesh is cold resistant. (rC+)
You are immune to negative energy. (rN+++)
You do not regenerate when monsters are visible.
You are immune to unholy pain and torment.
You thrive by killing the living.


   Skills:
 - Level 3.2 Fighting
 + Level 12.1 Axes
 - Level 2.6 Armour
 - Level 2.6 Shields


You had 8 spell levels left.
You didn't know any spells.
Your spell library contained the following spells:

 Spells                   Type           Power      Damage    Failure   Level
 Poisonous Vapours        Pois/Air       0%         N/A       95%         2
 Mephitic Cloud           Conj/Pois/Air  0%         N/A       99%         3
 Ozocubu's Armour         Ice            0%         N/A       99%         3
 Volatile Blastmotes      Fire/Tloc      0%         2d10      99%         3
 Fulminant Prism          Conj/Hex       0%         3d5       100%        4
 Iskenderun's Mystic Bla  Conj/Tloc      0%         2d3       100%        4
 Freezing Cloud           Conj/Ice/Air   0%         6-21      100%        5
 Lee's Rapid Deconstruct  Erth           0%         3d4*      100%        5
 Metabolic Englaciation   Hex/Ice        0%         N/A       100%        5
 Simulacrum               Ice/Necr       0%         N/A       100%        6

Inventory:

Hand Weapons
 a - a +1 war axe (weapon)
Missiles
 s - 5 javelins
 y - 5 curare-tipped darts {=f}
 z - a poisoned dart
Armour
 c - a +0 buckler (worn)
 d - a +1 scale mail of willpower (worn)
 j - a scarf of repulsion (worn)
 o - a +3 scale mail
Jewellery
 R - a ring of resist corrosion (left claw)
Wands
 m - a wand of mindburst (7)
 p - a wand of paralysis (10)
 t - a wand of roots (6)
Scrolls
 b - a scroll of amnesia
 e - a scroll of fog {unknown}
 f - 2 scrolls of identify {@r1}
 i - 2 scrolls of fear
 k - a scroll of teleportation {@r2}
 l - a scroll of torment
 w - a scroll of blinking
 A - a scroll of enchant weapon
 C - a scroll of magic mapping {unknown}
Potions
 g - 3 potions of heal wounds {@q2}
 h - a potion of degeneration {unknown}
 n - 3 potions of haste {unknown}
 q - 2 potions of brilliance {unknown}
 r - 2 potions of lignification {unknown}
 u - a potion of enlightenment {unknown}
 v - a potion of ambrosia {unknown}
 x - 2 potions of mutation {unknown}
 B - 2 potions of might
 D - a potion of attraction {unknown}

Dungeon Overview and Level Annotations

Branches:
Dungeon (7/15)             Temple (0/1) D:7         Ossuary (visited)

Altars:
Ashenzari
Hepliaklqana
Makhleb
Qazlal
Ru
Sif Muna

Annotations:
D:5 2 runed translucent doors, oldplebian's ghost, amateur DgCj

'###'....▒.▒.>.▒.▒▒..###.....#...
......▒▒.▒.▒...▒)................
.............▒).).▒..##.#.####...
........▒.▒▒.▒.▒▒.▒.###.#.# #..#
........▒...........###.#^####..#
......▒....▒▒.▒.▒.▒.##...........
......▒.▒▒....▒.▒.▒....##.#####.#
.............gggo...#####'#####.#
..........####.#@..###...))).....
########### #o#.### #..........#
#######g### #....))....#
......go# #..........#
......ggo..# #.........##
........g..# #.........#
gg..)......# #.........#
...........# #.........#
g..........# #.........#


You could see an orc warrior, a gnoll sergeant and 2 gnolls.


Message History

You completely miss the orc warrior.
The orc warrior is severely wounded.
You hit the gnoll.
You hit the orc warrior but do no damage.
The orc warrior is severely wounded.
You slash the gnoll!
You kill the gnoll!
The orc warrior hits you with a +0 hand axe.
* * * LOW HITPOINT WARNING * * *
The gnoll hits you but does no damage.
You closely miss the orc warrior.
The orc warrior is severely wounded.
You closely miss the gnoll sergeant. The orc warrior closely misses you.
The gnoll hits you but does no damage. The gnoll sergeant closely misses you.
You hit the orc warrior.
The orc warrior is almost dead.
You closely miss the gnoll sergeant. The orc warrior barely misses you.
The gnoll hits you from afar with a +0 spear.
* * * LOW HITPOINT WARNING * * *
You block the gnoll sergeant's attack.
Unknown command.
You hit the gnoll sergeant.
The gnoll sergeant is lightly wounded.
You completely miss the orc warrior.
The orc warrior hits you with a +0 hand axe!
* * * LOW HITPOINT WARNING * * *
The gnoll hits you from afar with a +0 spear.
* * * LOW HITPOINT WARNING * * *
The gnoll sergeant hits you with a +0 spear!
You die...

Skill      XL: |  1  2  3  4  5  6  7  8  9 |
---------------+----------------------------+-----
Axes           | 2 3 4 5 6 8 10 12 | 12.1
Fighting       | |  3.2
Armour         | |  2.6
Shields        | |  2.6

Action                     |  1- 3 |  4- 6 |  7- 9 || total
---------------------------+-------+-------+-------++-------
  Melee: War axe           |    66 |   214 |   449 ||   729
  Throw: Dart              |       |       |     7 ||     7
  Evoke: Wand              |       |       |     3 ||     3
    Use: Potion            |     1 |       |     3 ||     4
         Scroll            |       |     2 |     7 ||     9
 Armour: Scale mail        |    25 |    82 |   175 ||   282
  Dodge: Dodged            |    33 |   111 |   168 ||   312
  Block: Buckler           |    14 |    41 |    73 ||   128

Levels and vault maps discovered:
D:1:      pf_arrival_petrified_forest, layout_loops_ring, minmay_bisected
D:2:      layout_loops_corners, minmay_pentomino_x4, uniq_natasha, uniq_terence
D:3:      layout_basic, chequers_temple_overflow_minitemple,
          nicolae_ecumenical_pavilion, hangedman_glass_teeth,
          serial_bayou_crossing
D:4:      layout_loops_ring, amethyst_killhole
D:5:      layout_rooms, ebering_ghost_disaster_area, nicolae_ossuary_entry_giza
D:6:      minmay_spotlight, layout_loops_corners, serial_shops, shop
D:7:      layout_basic, grunt_temple_overflow_open, minmay_temple_entry_ruins,
          uniq_maggie

Notes
Turn   | Place    | Note
-------+----------+-------------------------------------------
     0 | D:1      | Drazool the Ghoul Fighter began the quest for the Orb.
     0 | D:1      | Reached XP level 1. HP: 19/19 MP: 0/0
    44 | D:1      | Reached skill level 2 in Axes
   109 | D:1      | Reached XP level 2. HP: 26/26 MP: 1/1
   276 | D:1      | Reached skill level 3 in Axes
   278 | D:1      | Reached XP level 3. HP: 28/31 MP: 2/2
   726 | D:2      | Noticed Natasha
   733 | D:2      | Killed Natasha
   758 | D:2      | Noticed Terence
   767 | D:2      | Killed Terence
   768 | D:2      | Reached skill level 4 in Axes
   768 | D:2      | Reached XP level 4. HP: 11/38 MP: 3/3
   794 | D:2      | Noticed Natasha
   905 | D:2      | Killed Natasha
   991 | D:2      | Noticed Natasha
   997 | D:2      | Killed Natasha
   998 | D:2      | Reached XP level 5. HP: 21/45 MP: 4/4
  1851 | D:3      | Found a faded altar of an unknown god.
  1980 | D:3      | Reached skill level 5 in Axes
  2026 | D:3      | Found a burning altar of Makhleb.
  2026 | D:3      | Found a faded altar of an unknown god.
  2034 | D:3      | Found a faded altar of an unknown god.
  2036 | D:3      | Found a broken altar of Ashenzari.
  2038 | D:3      | Found a hazy altar of Hepliaklqana.
  2045 | D:3      | Identified the +5 ring mail of Misanthropy {MP+9}
  2391 | D:3      | Noticed a phantom
  2399 | D:3      | Killed a phantom
  2400 | D:3      | Reached XP level 6. HP: 51/51 MP: 5/5
  2811 | D:4      | Reached skill level 6 in Axes
  3575 | D:4      | Noticed a black bear
  3596 | D:4      | Killed a black bear
  3597 | D:4      | Reached XP level 7. HP: 21/57 MP: 6/6
  3738 | D:4      | Reached skill level 7 in Axes
  4174 | D:5      | Entered Level 5 of the Dungeon
  4312 | D:5      | Found a large runed translucent door.
  4312 | D:5      | Found a large runed translucent door.
  4318 | D:5      | Noticed oldplebian's ghost (amateur DgCj)
  4333 | D:5      | Reached skill level 8 in Axes
  4356 | D:5      | Reached XP level 8. HP: 56/63 MP: 7/7
  4657 | D:5      | HP: 5/63 [orc/+2 mace of protection (5)]
  4730 | D:5      | HP: 1/63 [orc priest/divine providence (7)]
  4744 | D:5      | HP: 3/63 [orc priest/divine providence (16)]
  4796 | D:5      | Found a sand-covered staircase.
  4820 | Ossuary  | Entered an ossuary
  4912 | Ossuary  | Reached skill level 9 in Axes
  5288 | Ossuary  | Reached skill level 10 in Axes
  6220 | D:6      | Reached XP level 9. HP: 43/70 MP: 8/8
  6594 | D:6      | Found Fiextaot's Magic Scroll Shop.
  7142 | D:7      | Found a stormy altar of Qazlal.
  7145 | D:7      | Found a sacrificial altar of Ru.
  7151 | D:7      | Found a shimmering blue altar of Sif Muna.
  7157 | D:7      | Became a worshipper of Ru the Awakened
  7204 | D:7      | Reached skill level 11 in Axes
  7400 | D:7      | Found a staircase to the Ecumenical Temple.
  7429 | D:7      | Noticed Maggie
  7940 | D:7      | Killed Maggie
  8013 | D:7      | Reached skill level 12 in Axes
  8016 | D:7      | HP: 7/70 [wight/+2 dire flail (3)]
  8022 | D:7      | HP: 3/70 [wight/+2 dire flail (4)]
  8403 | D:7      | HP: 4/70 [orc warrior/+0 hand axe (9)]
  8403 | D:7      | Mangled by a gnoll sergeant

Vanquished Creatures
  Maggie (D:7)
  A water moccasin (D:5)
  A sky beast (D:7)
  3 black bears
  An ogre (D:7)
  2 centaurs
  2 phantoms
  2 scorpions
  7 water moccasin zombies (Ossuary)
  5 wights (D:7)
  A howler monkey (D:6)
  3 hounds
  An orc priest (D:5)
  2 gnoll boudas (D:6)
  2 jellies
  A sleepcap (D:5)
  2 orc wizards
  Terence (D:2)
  2 iguanas
  Natasha (thrice) (D:2)
  3 mummies
  12 gnolls
  12 adders
  2 shadow imps
  3 ufetubi
  6 adder zombies (Ossuary)
  A worm (D:4)
  3 dart slugs
  14 orcs
  12 ball pythons
  9 bats
  8 endoplasms
  A giant cockroach (D:2)
  8 goblins
  7 hobgoblins
  10 kobolds
  3 quokkas
  5 frilled lizards
  7 gnoll zombies (Ossuary)
  4 hobgoblin zombies
  A kobold zombie (Ossuary)
  3 orc zombies (Ossuary)
  2 rats
179 creatures vanquished.

Table legend: (Time is in decaauts)
 A = Elapsed time spent in this place.
 B = Non-inter-level travel time spent in this place.
 C = Inter-level travel time spent in this place.
 D = Time resting spent in this place.
 E = Time spent auto-exploring this place.
 F = Levels seen in this place.
 G = Mean time per level.
                   A        B        C        D        E       F      G
               +--------+--------+--------+--------+--------+-----+--------+
         Total |   8519 |   8062 |    457 |    910 |   5420 |   8 | 1064.9 |
       Dungeon |   7969 |   7512 |    457 |    717 |   5234 |   7 | 1138.4 |
       Ossuary |    549 |    549 |      0 |    193 |    186 |   1 |  549.0 |
               +--------+--------+--------+--------+--------+-----+--------+

Top non-repeatable levels by time:
     D:6: 1414 daAuts
     D:2: 1239 daAuts
     D:4: 1190 daAuts
     D:3: 1163 daAuts
     D:5: 1108 daAuts
     D:7: 1103 daAuts
     D:1: 750 daAuts
 Ossuary: 549 daAuts

Table legend:
 A = Non-vault XP
 B = Vault XP
 C = Vault XP percentage of total XP
 D = Non-vault monster count
 E = Vault monster count
 F = Vault count percentage of total count
                 A         B        C        D         E       F
            +---------+---------+-------+---------+---------+-------
      Total |    2879 |    1198 |  29.4 |     138 |      41 |  22.9
            +---------+---------+-------+---------+---------+-------
        D:1 |      35 |       6 |  14.6 |      19 |       3 |  13.6
        D:2 |     104 |      77 |  42.5 |      23 |       5 |  17.9
        D:3 |     179 |       0 |   0.0 |      19 |       0 |   0.0
        D:4 |     450 |       0 |   0.0 |      20 |       0 |   0.0
        D:5 |     625 |      23 |   3.5 |      15 |       3 |  16.7
        D:6 |     402 |      39 |   8.8 |      16 |       1 |   5.9
        D:7 |    1084 |     424 |  28.1 |      26 |       1 |   3.7
    Ossuary |       0 |     629 | 100.0 |       0 |      28 | 100.0
            +---------+---------+-------+---------+---------+-------
